cohdb
Replays
Latest Replays
All Replays
Popular Replays
Top Player Replays
Match Explorer
How It Works
Community
CoH3 Stats
Reddit
Sign in to upload your games and track your stats! →
Sign in with Steam
Match 47270662
Unlisted
Match 47270662
Overview
Messages
Build Orders
End
Panzergrenadier Squad
Panzerpioneer Squad
250 Light Carrier
Construct Light Support Kompanie
MG34 Team
Combat Half-tracks
Selects Panzerjäger Kommand Battlegroup
Selects Mine Fields
Fire Support Elements
2.5-tonne Medical Truck
Veteran Squad Leaders
Panzerjäger Mechanized Group
Selects Tank Busters
Construct Panzerarmee Kommand
Panzerjäger Squad
Panzerjäger Mechanized Group
Walking Stuka Rocket Launcher
Walking Stuka Rocket Launcher
MG34 Team
Panzergrenadier Squad
Selects Defensive Positions
Selects Butterfly Bomb Drop
Selects Crew Shock Tactics
~TAB~ THUND3RCHUNKY
average sector assault "fan"
Big Ham (DFC)
MeeeSHuGgaHH
0
0
Comments
sign in to comment!
No comments posted yet!